AoeStats
← KrawallUNDremmidemmi

Baltic

510408550Analyzed
4v4 RM · 2d ago on Sep 30, 2026· 19m 6s· 8 players
Game mode
Random Map
Map size
Large (8 player)
Population
200
Speed
Normal
Resources
Standard
Victory
Conquest
Starting age
Dark Age
Ending age
Imperial Age
RankedLock teamsTeams togetherTeam positionsShared explorationLock speedFull tech treeHidden civsTurbo modeCheats
Victory
Defeat
🇪🇸 Vikings · Spain
1246
+10
🇨🇴 Dravidians · Colombia
1166
+13
🇨🇱 Danes · Chile
1048
+18
🇺🇸 Bohemians · United States
965
+20
🇧🇾 Dravidians · Belarus
1112
-16
🇦🇹 Japanese · Austria
1106
-16
🇦🇷 Portuguese · Argentina
1085
-15
🇦🇷 Saracens · Argentina
1070
-14
Cheblin
6:30 Loom
13:54 Feudal Age
15:15 Double-Bit Axe
Wospenzukh
11:33 Feudal Age
12:36 Double-Bit Axe
14:21 Fletching
17:04 Castle Age
14:51 Loom
17:10 Castle Age
16:23 Man-at-Arms
KrawallUNDremmidemmi
9:27 Loom
11:45 Feudal Age
12:30 Man-at-Arms
16:38 Forging
18:03 Double-Bit Axe
FranGinaro
11:15 Feudal Age
9:31 Loom
10:03 Loom
12:01 Double-Bit Axe
14:18 Wheelbarrow
Shermanugus
5:12 Loom
10:26 Feudal Age
13:38 Fletching
13:40 Double-Bit Axe
13:46 Horse Collar
20:55 Castle Age
jaiderreyes4
11:32 Feudal Age
12:30 Double-Bit Axe
12:37 Fishing Lines
15:45 Fletching
15:55 Padded Archer Armor
Clifordino
11:29 Feudal Age
15:49 Castle Age
17:30 Horse Collar
17:37 Loom
18:55 Fletching
19:07 Scale Mail Armor
CanarioAOE
6:59 Loom
9:08 Feudal Age
10:45 Man-at-Arms
18:17 Scale Mail Armor
19:17 Horse Collar
Connection lost

Rejoining the realm…

Still unreachable

The connection could not be restored.

Session expired

The server has moved on; the page needs a fresh start.